Map: Romanticide LE

Players

Kelazhur

  • Race: Terran Terran
  • Spawn Location: 11:00

SpeCial - Winner!

  • Race: Terran Terran
  • League: Master
  • Spawn Location: 5:00

Event: DreamHack SC2 Masters 2020 Winter

VOD

Have the link to the VOD?

Description

Time

  • Played on: Oct. 24, 2020, 5:06 p.m.
  • Length: 6:26

All games in this series

Show
View Real Time Build Order
Export as new Build Order

Kelazhur Terran 

Build Orders: Hellion Opening 

Get SALT Encoding   

  12  0:00  SCV  
  13  0:12  SCV  
  14  0:17  Supply Depot  
  14  0:24  SCV  
  14  0:27  Refinery  
  15  0:38  SCV  
  16  0:44  Barracks  
  16  0:51  SCV  
  17  1:03  SCV  
  18  1:15  SCV  
  19  1:31  Marine, Orbital Command  
  19  1:32  Factory  
  20  1:40  Supply Depot  
  20  1:49  Marine  
  21  1:57  SCV  
  22  2:08  Barracks Reactor  
  22  2:10  SCV  
  23  2:16  Hellion  
  23  2:22  Command Center  
  25  2:24  SCV  
  26  2:32  Starport  
  26  2:36  SCV  
  27  2:39  Supply Depot  
  27  2:48  Hellion  
  27  2:51  Hellion  
  31  2:58  Refinery  
  31  3:01  SCV  
  31  3:02  Marine  
  33  3:10  Hellion  
  37  3:14  Medivac  
  37  3:21  Barracks Tech Lab  
  37  3:23  SCV  
  38  3:34  Orbital Command  
  38  3:35  SCV  
  38  3:36  Refinery  
  33  3:49  Marine, Hellion x2  
  33  3:52  SCV  
  36  3:59  Orbital Command  
  36  4:04  SCV  
  36  4:16  SCV  
  34  4:20  Starport Tech Lab  
  33  4:25  SCV  
  33  4:28  SCV, Marine x2  
  33  4:29  Siege Tank  
  40  4:37  SCV  
  41  4:40  Raven, SCV  
  44  4:46  Marine x2  
  44  4:49  SCV  
  44  4:52  SCV  
  48  5:01  Siege Tank, SCV  
  48  5:04  Marine x2, SCV  
  45  5:14  SCV  
  46  5:16  SCV  
  46  5:18  Command Center  
  47  5:22  Raven, Marine x2  
  47  5:26  SCV  
  47  5:27  Supply Depot  
  52  5:29  SCV  
  53  5:39  SCV  
  54  5:45  Supply Depot  
  54  5:48  Marine x2  
  54  5:49  Siege Tank, SCV  
  60  5:51  SCV  
  61  6:01  SCV  
  62  6:07  SCV, Marine x2  
  58  6:13  SCV  
Show
View Real Time Build Order
Export as new Build Order

SpeCial Terran - Winner!

Build Orders:  

Get SALT Encoding   

  12  0:00  SCV  
  13  0:12  SCV  
  14  0:18  Supply Depot  
  14  0:24  SCV  
  15  0:39  SCV  
  15  0:41  Barracks  
  16  0:44  Refinery  
  16  0:51  SCV  
  16  0:53  Refinery  
  17  1:03  SCV  
  18  1:16  SCV  
  19  1:29  Supply Depot, Orbital Command, Reaper  
  20  1:42  Factory  
  20  1:55  SCV  
  20  2:01  Reaper  
  22  2:07  SCV  
  23  2:19  SCV  
  24  2:23  Command Center  
  24  2:28  Hellion  
  26  2:33  Reaper  
  26  2:34  SCV  
  28  2:39  Supply Depot  
  28  2:46  SCV  
  28  2:50  Hellion  
  31  2:55  Starport  
  31  3:00  SCV  
  32  3:06  Barracks Reactor  
  32  3:12  Factory Tech Lab  
  32  3:13  SCV  
  33  3:22  Refinery  
  33  3:25  SCV  
  34  3:33  Cyclone, Starport Tech Lab  
  37  3:37  SCV  
  36  3:50  Marine x2  
  36  3:53  Raven  
  36  3:54  SCV, Orbital Command  
  40  4:06  SCV  
  40  4:09  Command Center  
  41  4:13  Siege Tank, Marine  
  45  4:17  Marine  
  45  4:20  SCV  
  45  4:21  SCV  
  46  4:27  Supply Depot  
  46  4:32  Marine  
  46  4:34  SCV x2  
  46  4:35  Marine  
  46  4:36  Raven  
  52  4:46  SCV x2  
  52  4:49  Siege Tank  
  52  4:50  Supply Depot  
  57  4:57  Marine  
  57  4:59  Marine  
  57  5:05  SCV x2  
  58  5:12  Supply Depot  
  58  5:17  SCV x2  
  58  5:21  Refinery, Orbital Command  
  60  5:22  Siege Tank  
  63  5:28  Marine  
  63  5:29  SCV x2  
  63  5:30  Viking  
  63  5:32  Viking  
  70  5:39  Orbital Command  
  70  5:41  SCV  
  71  5:46  SCV, Marine  
  73  5:52  Barracks x2  
  73  5:53  SCV  
  76  6:04  Marine  
  83  6:23  Engineering Bay x2  
Tags
 
Add a new tag
Caveats
  • Supply blocks, unpowered buildings, or Contaminate may cause inaccurate times.
  • Supply counts are checked every 10 seconds.